 Dungeon Sprint DCSS version 0.21.1-1-g345015f (webtiles) character file.

8532 Psiloshibe the Peltast (level 11, -3/99 HPs)
             Began as a Barachi Berserker on June 10, 2018.
             Was the Champion of Trog.
             Killed by the raging water
             ... invoked by a water nymph
              (15 damage)
             ... in the Dungeon (Sprint V: "Ziggurat Sprint").
             The game lasted 00:08:39 (793 turns).

Psiloshibe the Peltast (Barachi Berserker)           Turns: 793, Time: 00:08:40

Health: -3/99      AC: 33    Str: 32    XL:     11   Next: 32%
Magic:  0/14       EV:  6    Int: 11    God:    Trog [******]
Gold:   0          SH: 34    Dex: 13    Spells: 10/10 levels left

rFire    . . .     SeeInvis .   a - +6 shillelagh "Devastator" {shatter}
rCold    . . .     Gourm    .   F - +18 shield of the Gong {rElec rN+ MR+ EV-5}
rNeg     + . .     Faith    .   E - +15 Maxwell's patent armour {-Cast -Tele rElec MR+ rCorr}
rPois    .         Spirit   +   L - +2 helmet {Int+3}
rElec    +         Reflect  .   (no cloak)
rCorr    +         Harm     .   (no gloves)
MR       ++++.     NoTele   +   (no boots) Stlth ..........NoCast +
                                R - amulet of guardian spirit
HPRegen  1.26/turn              z - +6 ring of strength
MPRegen  0.14/turn              A - +6 ring of strength

@: can't hop, regenerating, slow
A: +LOS, swims, slowness 1, strong legs 1
a: Hop, Berserk, Trog's Hand, Brothers in Arms, Burn Spellbooks, Renounce
Religion


You were in the Dungeon.
You worshipped Trog.
Trog was exalted by your worship.
You were not hungry.

You visited 1 branch

Inventory:

Hand Weapons
 a - the +6 shillelagh "Devastator" (weapon) {shatter}
   (You found it in the Dungeon)
 b - a +4 blowgun
Missiles
 w - 2 exploding tomahawks
 x - 2 javelins of returning (quivered)
 H - 5 steel javelins
 P - 7 silver javelins
Armour
 E - the +15 Maxwell's patent armour (worn) {-Cast -Tele rElec MR+ rCorr}
   (You found it in the Dungeon)

   It insulates you from electricity.
   It affects your resistance to hostile enchantments.
   It prevents spellcasting.
   It prevents most forms of teleportation.
   It protects you from acid and corrosion.
 F - the +18 shield of the Gong (worn) {rElec rN+ MR+ EV-5}
   (You found it in the Dungeon)

   It affects your evasion (-5).
   It insulates you from electricity.
   It protects you from negative energy.
   It affects your resistance to hostile enchantments.
 L - a +2 helmet of intelligence (worn)
Jewellery
 z - a +6 ring of strength (left hand)
 A - a +6 ring of strength (right hand)
 R - an amulet of guardian spirit (around neck)
Wands
 B - a wand of disintegration (7)
 C - a wand of iceblast (7)
 D - a wand of acid (7)
Scrolls
 i - 4 scrolls of blinking
 p - 7 scrolls of fog
 q - a scroll of holy word
 r - 5 scrolls of identify
 s - 5 scrolls of remove curse
 t - 2 scrolls of fear
 G - a scroll of brand weapon
 S - 4 scrolls of enchant weapon
Potions
 d - 10 potions of curing
 e - 10 potions of heal wounds
 f - 6 potions of haste
 g - 7 potions of magic
 h - 3 potions of berserk rage
 j - 2 potions of brilliance
 k - 2 potions of invisibility
 l - 4 potions of resistance
 m - a potion of experience
 n - 5 potions of agility
 o - 5 potions of might
Books
 I - a book of Enchantments

   Spells                             Type                      Level
   a - Cause Fear                     Hexes                        4
   b - Yara's Violent Unravelling     Hexes/Transmutation          5
   c - Silence                        Hexes/Air                    5
   d - Deflect Missiles               Charms/Air                   6
   e - Discord                        Hexes                        8
   Trog disapproves of the use of such an item.
 J - a book of Callings

   Spells                             Type                      Level
   a - Summon Small Mammal            Summoning                    1
   b - Call Imp                       Summoning                    2
   c - Call Canine Familiar           Summoning                    3
   d - Summon Guardian Golem          Hexes/Summoning              3
   e - Summon Lightning Spire         Summoning/Air                4
   f - Summon Ice Beast               Ice/Summoning                4
   Trog disapproves of the use of such an item.
 K - Wossealutsu's Guide on Freezing Bewitchment
   (You found it in the Dungeon)

   Spells                             Type                      Level
   a - Ensorcelled Hibernation        Hexes/Ice                    2
   b - Portal Projectile              Hexes/Translocation          3
   c - Throw Icicle                   Conjuration/Ice              4
   d - Metabolic Englaciation         Hexes/Ice                    5
   e - Bolt of Cold                   Conjuration/Ice              6
   Trog disapproves of the use of such an item.
 M - a book of Cantrips

   Spells                             Type                      Level
   a - Confusing Touch                Hexes                        1
   b - Animate Skeleton               Necromancy                   1
   c - Summon Small Mammal            Summoning                    1
   d - Apportation                    Translocation                1
   Trog disapproves of the use of such an item.
 N - a Young Poisoner's Handbook

   Spells                             Type                      Level
   a - Sting                          Conjuration/Poison           1
   b - Poisonous Vapours              Poison/Air                   2
   c - Mephitic Cloud                 Conjuration/Poison/Air       3
   d - Olgreb's Toxic Radiance        Poison                       4
   e - Venom Bolt                     Conjuration/Poison           5
   Trog disapproves of the use of such an item.
Miscellaneous
 u - a lightning rod (4/4)
 v - a phial of floods
 y - a fan of gales
 Q - a phantom mirror
Comestibles
 c - 7 rations
 O - 11 chunks of flesh


   Skills:
 * Level 13.9 Fighting
   Level 10.1 Long Blades
 + Level 10.2 Maces & Flails
 * Level 8.4 Throwing
 * Level 11.0 Armour
 + Level 6.3 Dodging
 + Level 0.5 Stealth
 * Level 16.8 Shields
 * Level 5.1 Evocations


You had 10 spell levels left.
You didn't know any spells.

Dungeon Overview and Level Annotations

Branches:
Dungeon (1/1)

Altars:
Ashenzari
Cheibriados
Dithmenos
Elyvilon
Fedhas
Gozag
Hepliaklqana
Kikubaaqudgha
Makhleb
Nemelex Xobeh
Okawaru
Qazlal
Ru
Sif Muna
Trog
Uskayaw
Vehumet
Wu Jian
Xom
Yredelemnul
Zin
The Shining One
Beogh
Jiyva
Lugonu


Innate Abilities, Weirdness & Mutations

Shadows flee at your approach. (+LOS)
You can swim through water.
You cover ground slowly.
You can hop short distances.


Message History

BOUMMMMG!
The manticore claws you but does no damage.
You block the merfolk's attack.
GONNNNG!
The manticore bites you!
* * * LOW HITPOINT WARNING * * *
The manticore claws you but does no damage.
You block the manticore's attack.
PTOANNNG!
The cyclops throws a large rock.
The large rock hits you!
* * * LOW HITPOINT WARNING * * *
You hear a splash.
The merfolk impaler hits you but does no damage.
Hop to where?
Press: ? - help, Dir - move target cursor Floosh!
Boing!
The water nymph points at you and mumbles some strange words.
The water swirls and strikes you!
You die...

▓▓▓▓▓▓▓▓▓▓▓▓▓▓▓▓▓▓
▓≈≈.8©8...▓...8©8.
▓≈.)"=)!.≈▓..)=|[}
▓..|[}|)≈.▓....=)=
▓.≈.......▓...(...
▓...≈..≈..▓.......
▓..≈.≈.≈..▓.......
▓≈.≈≈.≈≈..▓.......
▓@.≈.m.m..▓.▓.....
▓..≈HH)C.≈▓....©..
▓..≈m§†...▓▓▓▓▓▓▓▓
▓▓▓▓▓▓▓▓▓▓▓


You could see a merfolk impaler, a merfolk, 2 manticores, a cyclops and a water
nymph.

Vanquished Creatures
  A merfolk impaler (D)
  3 sea snakes (D)
  A spriggan druid (D)
  5 toenail golems (D)
  A spiny frog (D)
  2 merfolk (D)
  2 spriggans (D)
  2 tarantellas (D)
  A yak (D)
  A small abomination (D)
  4 insubstantial wisps (D)
  A water moccasin (D)
  A black bear (D)
  2 phantoms (D)
  3 necrophages (D)
  6 wolves (D)
  4 earth elementals (D)
  3 scorpions (D)
  A crimson imp (D)
  A quasit (D)
  An iguana (D)
  A river rat (D)
  2 adder skeletons (D)
  2 jackals (D)
  A ball python zombie (D)
  A giant cockroach zombie (D)
  A leopard gecko zombie (D)
54 creatures vanquished.

Vanquished Creatures (collateral kills)
  A wretched star (D)
  A crimson imp (D)
  A white imp (D)
  A ball python zombie (D)
4 creatures vanquished.

Grand Total: 58 creatures vanquished

Notes
Turn   | Place    | Note
-------+----------+-------------------------------------------
     0 | D        | Found the +6 Majin-Bo {vamp, Archmagi MP+6 Int+6}
     0 | D        | Found the +7 great mace "Firestarter" {inner flame, rF++}
     0 | D        | Psiloshibe the Barachi Berserker began the quest for the Orb.
     0 | D        | Reached XP level 1. HP: 18/18 MP: 1/1
     1 | D        | Found a transporter.
     1 | D        | Found an ancient bone altar of Kikubaaqudgha.
     1 | D        | Found a viscous altar of Jiyva.
     1 | D        | Found a corrupted altar of Lugonu.
     1 | D        | Found a hazy altar of Hepliaklqana.
     1 | D        | Found a burning altar of Makhleb.
     1 | D        | Found an opulent altar of Gozag.
    39 | D        | Found the +9 heavy crossbow "Sniper" {velocity, Acc+∞ SInv}
    39 | D        | Found the +10 dark maul {crush}
    39 | D        | Found the +15 Maxwell's patent armour {-Cast -Tele rElec MR+ rCorr}
    39 | D        | Found the +18 shield of the Gong {rElec rN+ MR+ EV-5}
    39 | D        | Found the cursed +14 obsidian axe {chop, +Fly SInv *Curse}
    41 | D        | Found the +6 shillelagh "Devastator" {shatter}
    41 | D        | Found the +11 plutonium sword {*Contam Stlth-}
    41 | D        | Found the +8 lance "Wyrmbane" {slay drac, rPois rF+ rC+ AC+3}
    41 | D        | Found the +9 sword of Zonguldrok {reap}
    41 | D        | Found the cursed +13 scythe of Curses {drain, *Curse}
    41 | D        | Found the +0 sword of Power
    41 | D        | Found the +7 Singing Sword
    41 | D        | Found the +7 longbow "Piercer" {penet, EV-2}
    79 | D        | Entered arena 2.
    79 | D        | Noticed a merfolk
    79 | D        | Noticed a merfolk
    79 | D        | Found a transporter.
    93 | D        | Killed a merfolk
    93 | D        | Reached skill level 4 in Shields
    93 | D        | Reached XP level 2. HP: 20/33 MP: 2/2
    93 | D        | Reached XP level 3. HP: 23/38 MP: 3/3
    93 | D        | Reached XP level 4. HP: 28/45 MP: 4/4
    93 | D        | Reached XP level 5. HP: 31/51 MP: 5/5
    93 | D        | Killed a merfolk
    93 | D        | Reached skill level 10 in Fighting
    93 | D        | Reached skill level 10 in Long Blades
    93 | D        | Reached skill level 5 in Armour
    93 | D        | Reached skill level 5 in Dodging
    93 | D        | Reached skill level 5 in Shields
    93 | D        | Reached XP level 6. HP: 38/61 MP: 6/6
    93 | D        | Reached XP level 7. HP: 41/67 MP: 7/7
   216 | D        | Entered arena 3.
   216 | D        | Found a transporter.
   217 | D        | Found the +2 shield of Resistance {rF+ rC+ MR+}
   217 | D        | Reached ** piety under Trog
   243 | D        | Entered arena 4.
   243 | D        | Noticed an insubstantial wisp
   243 | D        | Noticed an insubstantial wisp
   243 | D        | Noticed an insubstantial wisp
   243 | D        | Noticed an insubstantial wisp
   243 | D        | Found a transporter.
   259 | D        | Killed an insubstantial wisp
   259 | D        | Reached skill level 1 in Throwing
   259 | D        | Reached skill level 6 in Shields
   262 | D        | Killed an insubstantial wisp
   262 | D        | Reached *** piety under Trog
   262 | D        | Reached skill level 5 in Maces & Flails
   273 | D        | Killed an insubstantial wisp
   273 | D        | Reached skill level 7 in Shields
   273 | D        | Killed an insubstantial wisp
   273 | D        | Reached skill level 8 in Shields
   273 | D        | Reached XP level 8. HP: 56/75 MP: 8/8
   355 | D        | Entered arena 5.
   355 | D        | Found a transporter.
   359 | D        | Reached **** piety under Trog
   369 | D        | Reached skill level 9 in Shields
   376 | D        | Got the cursed ring of the Heavens {rPois Str-3 Int-2 Dex+6}
   382 | D        | Entered arena 6.
   382 | D        | Noticed a tarantella
   382 | D        | Noticed a tarantella
   382 | D        | Found a transporter.
   385 | D        | Killed a tarantella
   385 | D        | Reached skill level 10 in Shields
   385 | D        | Reached skill level 1 in Evocations
   386 | D        | Reached ***** piety under Trog
   386 | D        | Received a gift from Trog
   389 | D        | Killed a tarantella
   389 | D        | Reached XP level 9. HP: 82/82 MP: 9/9
   403 | D        | Entered arena 7.
   403 | D        | Found a transporter.
   408 | D        | Received a gift from Trog
   408 | D        | Reached skill level 11 in Shields
   410 | D        | Received a gift from Trog
   427 | D        | Entered arena 8.
   427 | D        | Noticed a spiny frog
   427 | D        | Found a transporter.
   438 | D        | Reached skill level 5 in Throwing
   440 | D        | Killed a spiny frog
   440 | D        | Reached skill level 12 in Shields
   448 | D        | Identified Wossealutsu's Guide on Freezing Bewitchment
   568 | D        | Entered arena 9.
   568 | D        | Noticed a wretched star
   568 | D        | Found a transporter.
   574 | D        | Received a gift from Trog
   582 | D        | Reached ****** piety under Trog
   583 | D        | Killed a wretched star
   583 | D        | Reached skill level 13 in Shields
   611 | D        | Entered arena 10.
   611 | D        | Noticed a spriggan druid
   611 | D        | Found a transporter.
   613 | D        | Received a gift from Trog
   613 | D        | Reached XP level 10. HP: 91/91 MP: 11/11
   619 | D        | Reached skill level 14 in Shields
   622 | D        | Killed a spriggan druid
   623 | D        | Received a gift from Trog
   734 | D        | Entered arena 11.
   734 | D        | Noticed a toenail golem
   734 | D        | Noticed a toenail golem
   734 | D        | Noticed a toenail golem
   734 | D        | Noticed a toenail golem
   734 | D        | Noticed a toenail golem
   734 | D        | Found a transporter.
   742 | D        | Killed a toenail golem
   743 | D        | Received a gift from Trog
   743 | D        | Reached skill level 15 in Shields
   746 | D        | Killed a toenail golem
   746 | D        | Received a gift from Trog
   746 | D        | Reached skill level 10 in Armour
   752 | D        | Killed a toenail golem
   754 | D        | Killed a toenail golem
   755 | D        | Killed a toenail golem
   776 | D        | Entered arena 12.
   776 | D        | Noticed a manticore
   776 | D        | Noticed a cyclops
   776 | D        | Noticed a merfolk impaler
   776 | D        | Noticed a merfolk impaler
   776 | D        | Noticed a sea snake
   776 | D        | Noticed a sea snake
   776 | D        | Noticed a manticore
   776 | D        | Noticed a sea snake
   776 | D        | Noticed a water nymph
   782 | D        | Killed a sea snake
   782 | D        | Reached skill level 16 in Shields
   782 | D        | Reached XP level 11. HP: 80/99 MP: 10/14
   784 | D        | Killed a sea snake
   788 | D        | Killed a sea snake
   788 | D        | Received a gift from Trog
   788 | D        | Reached skill level 10 in Maces & Flails
   789 | D        | Killed a merfolk impaler
   789 | D        | Reached skill level 5 in Evocations
   793 | D        | Found a transporter.
   793 | D        | Killed from afar by a water nymph

Skill      XL: |  1  2  3  4  5  6  7  8  9 10 11 |
---------------+----------------------------------+-----
Fighting       | 8 10 11 12 13 | 13.9
Long Blades    | 8 10 | 10.1
Maces & Flails | 3 4 5 6 8 9 10 | 10.2
Armour         | 4 5 6 7 9 10 11 | 11.0
Dodging        | 4 5 6 |  6.3
Shields        | 4 5 8 10 13 16 | 16.8
Throwing       | 3 4 6 7 8 |  8.4
Evocations     | 1 4 5 |  5.1
Stealth        | |  0.5

Action                   |  1- 3 |  4- 6 |  7- 9 | 10-12 || total
-------------------------+-------+-------+-------+-------++-------
Melee: Shillelagh        |     9 |       |    69 |    37 ||   115
Throw: Tomahawk          |       |       |       |     3 ||     3
       Javelin           |       |       |       |     1 ||     1
Invok: Trog's Hand       |       |       |       |     1 ||     1
 Abil: Hop               |       |       |       |     1 ||     1
Evoke: Lightning rod     |     1 |       |     5 |     1 ||     7
       Phial of floods   |       |       |     1 |       ||     1
Armor: Plate armour      |     9 |       |    23 |    42 ||    74
Dodge: Dodged            |       |       |     8 |    13 ||    21
Block: Shield            |    21 |       |   103 |   102 ||   226
